 Dungeon Crawl Stone Soup version 0.28.0-43-g3370ac3207 (webtiles) character file.

Game seed: 15882179757281259894

123 theElss the Skirmisher (level 5, -3/49 HPs)
             Began as a Gargoyle Berserker on Mar 2, 2022.
             Was a Believer of Trog.
             Killed by divine providence
             ... invoked by an orc priest
              (12 damage)
             ... on level 4 of the Dungeon.
             The game lasted 00:04:38 (2941 turns).

theElss the Skirmisher (Gargoyle Berserker)         Turns: 2941, Time: 00:04:40

Health: -3/49      AC:  7    Str: 20    XL:     5   Next: 7%
Magic:  5/5        EV: 12    Int:  8    God:    Trog [**....]
Gold:   99         SH:  0    Dex: 11    Spells: 4/4 levels left

rFire   + . .      SeeInvis .   a - +0 mace
rCold   . . .      Faith    .   (no shield)
rNeg    + . .      Spirit   .   b - +0 animal skin
rPois   ∞          Reflect  .   (no helmet)
rElec   +          Harm     .   (no cloak)
rCorr   .          Rampage  .   q - +0 pair of gloves
Will    .....                   (no boots)
Stlth   ..........              (no amulet)
HPRegen 0.16/turn               e - ring of protection from fire
MPRegen 0.09/turn               (no ring)

@: berserking, very quick
A: sickness immunity, AC +4, negative energy resistance 1, electricity
resistance, torment resistance 1, petrification resistance
a: Renounce Religion, Berserk, Trog's Hand


You were on level 4 of the Dungeon.
You worshipped Trog.
Trog was pleased with you.
You visited 1 branch of the dungeon, and saw 4 of its levels.

You collected 99 gold pieces.

Inventory:

Hand Weapons
 a - a +0 mace (weapon)
Armour
 b - a +0 animal skin (worn)
 q - a +0 pair of gloves (worn)
Jewellery
 e - a ring of protection from fire (left hand)
 p - a ring of magical power
Scrolls
 c - 2 scrolls of fog {unknown}
 d - 2 scrolls of teleportation {unknown}
 f - a scroll of fear {unknown}
 g - a scroll of vulnerability {unknown}
 h - a scroll of magic mapping {unknown}
 k - 2 scrolls of enchant armour {unknown}
 n - a scroll of amnesia {unknown}
 o - a scroll of identify {unknown}
Potions
 i - a potion of invisibility {unknown}
 j - a potion of flight {unknown}
 l - a potion of mutation {unknown}
 m - a potion of brilliance {unknown}


   Skills:
 + Level 4.2 Fighting
 + Level 3.8 Maces & Flails
 + Level 3.2 Armour
 + Level 2.4 Dodging


You had 4 spell levels left.
You didn't know any spells.
Your spell library was empty.

Dungeon Overview and Level Annotations

Branches:
Dungeon (4/15)
 Temple: D:4-7

Altars:

Shops:
D:2 *   D:3 :

Annotations:
D:2 1 runed translucent door, Crazy Yiuf


Innate Abilities, Weirdness & Mutations

You are immune to sickness and miasma.
Your stone body is resilient. (AC +4)
You are immune to poison.
You resist negative energy. (rN+)
You are resistant to electric shocks. (rElec)
You are resistant to unholy torment.
You are immune to petrification.


Message History

The orc hits you from afar with a +0 trident.
The ufetubus hits you but does no damage.
The ufetubus hits you.
You miss the ufetubus.
The ufetubus hits you but does no damage.
The ufetubus closely misses you. The orc barely misses you.
You hit the ufetubus.
The ufetubus is heavily wounded.
The ufetubus misses you. The ufetubus barely misses you.
The orc hits you from afar with a +0 trident.
You barely miss the ufetubus.
The ufetubus is heavily wounded.
The ufetubus hits you but does no damage.
The ufetubus closely misses you. The ufetubus misses you.
The ufetubus hits you.
You closely miss the ufetubus.
The ufetubus is heavily wounded.
The orc hits you but does no damage.
The ufetubus hits you but does no damage. x2
You sock the ufetubus!
You kill the ufetubus!
Trog accepts your kill.
An orc priest comes into view. It is wielding a +0 flail.
The orc barely misses you.
You closely miss the orc priest. The orc priest closely misses you.
The orc priest invokes the aid of Beogh against you.
Beogh smites you!
The orc hits you from afar with a +0 trident.
You thump the orc priest!
The orc priest is almost dead.
The orc priest miscasts a cantrip.
The orc hits you from afar with a +0 trident.
* * * LOW HITPOINT WARNING * * *
You barely miss the orc priest.
The orc priest is almost dead.
The orc priest hits you with a +0 club.
* * * LOW HITPOINT WARNING * * *
The orc priest invokes the aid of Beogh against you.
Beogh smites you!
You die...

#..###.......#...
#................
###.####...........
#......#####....#.#
#.#.##.# #.......
#...##.# #..<####
#..###.# ##...#
#......# #...##
##@##### #.### #o#
#.# ###


#oo #.# ###<. ..## #.# #.... #.. #.# #.#.. #.# ......##. #.# ......... #..
.......### ####...### You could see 2 orc priests and an orc.

Vanquished Creatures
  A jelly (D:2)
  2 adders
  An ufetubus (D:4)
  An adder skeleton (D:4)
  3 worms
  A dart slug (D:3)
  4 ball pythons
  4 endoplasms
  3 giant cockroaches
  2 goblins
  4 hobgoblins
  7 jackals
  5 kobolds
  3 bats (D:2)
  2 frilled lizards
  15 rats
58 creatures vanquished.

Notes
Turn   | Place    | Note
-------+----------+-------------------------------------------
     0 | D:1      | theElss the Gargoyle Berserker began the quest for the Orb.
     0 | D:1      | Reached XP level 1. HP: 14/14 MP: 1/1
   151 | D:1      | Reached XP level 2. HP: 16/19 MP: 2/2
   763 | D:2      | Reached XP level 3. HP: 24/24 MP: 3/3
   805 | D:2      | Reached XP level 4. HP: 27/29 MP: 4/4
  1270 | D:2      | Reached skill level 4 in Fighting
  1307 | D:2      | Reached ** piety under Trog
  1429 | D:2      | Found a runed translucent door.
  1430 | D:2      | Noticed Crazy Yiuf
  1515 | D:2      | Found Oguc's Assorted Antiques.
  2214 | D:3      | Found Yddoewk's Book Shoppe.
  2826 | D:4      | Reached XP level 5. HP: 33/33 MP: 5/5
  2834 | D:4      | Noticed an ogre
  2941 | D:4      | Killed from afar by an orc priest

Illustrated notes

Levels and vault maps discovered:
D:1:      wander_arrival_chamber, layout_basic
D:2:      layout_loops_ring, serial_shops, nicolae_shop_trees, dk_vineyard_3,
          uniq_crazy_yiuf_cottage
D:3:      layout_loops_corners, serial_shops, nicolae_shop_advertising_works
          [nicolae_subvault_shop_adworks]
D:4:      layout_loops_cross, serial_shops, nicolae_shop_waterfront,
          minmay_fractal_squares_gapless_5

Skill      XL: |  1  2  3  4 |
---------------+-------------+-----
Dodging        | 2 |  2.4
Armour         | 3 |  3.2
Fighting       | 4 |  4.2
Maces & Flails | |  3.8

Action                   |  1- 3 |  4- 6 || total
-------------------------+-------+-------++-------
Melee: Mace              |    75 |   115 ||   190
       Punch             |     1 |     2 ||     3
Invok: Berserk           |     2 |     5 ||     7
 Stab: Distracted        |       |     1 ||     1
       Sleeping          |       |     1 ||     1
Armor: Animal skin       |    23 |    41 ||    64
Dodge: Dodged            |    53 |   108 ||   161
